 Dungeon Crawl Stone Soup version 0.28.0 (webtiles) character file.

Game seed: 901498215412930954

332983 browni3141 the Slayer (level 20, -2/198 HPs)
             Began as a Minotaur Berserker on Feb 10, 2022.
             Was a High Priest of Trog.
             Slain by an ettin (12 damage)
             ... on level 2 of the Depths.
             The game lasted 00:36:48 (35692 turns).

browni3141 the Slayer (Minotaur Berserker)         Turns: 35692, Time: 00:36:49

Health: -2/198     AC: 29    Str: 28      XL:     20   Next: 91%
Magic:  19/19      EV: 20    Int:  0 (4)  God:    Trog [*****.]
Gold:   2331       SH:  5    Dex: 20      Spells: 19/19 levels left

rFire   + . .      SeeInvis .   q - +10 executioner's axe "Jyustree" {vorpal, Contam rElec rPois rCorr}
rCold   . . .      Faith    .   (shield currently unavailable)
rNeg    . . .      Spirit   .   M - +0 plate armour
rPois   +          Reflect  +   (helmet restricted)
rElec   +          Harm     .   c - +0 cloak {rF+}
rCorr   +          Rampage  .   o - +2 pair of gloves
Will    ++...                   T - +2 pair of boots {Stlth+}
Stlth   ..........              N - amulet "Daper" {Reflect Dex+3 SH+5}
HPRegen 0.43/turn               s - ring of resist corrosion
MPRegen 0.16/turn               b - ring of Apsu {rPois Will+ Dex+4}

@: on berserk cooldown, hasted and slowed, lost intelligence, unable to read,
very slow
A: horns 2, retaliatory headbutt
}: 2/15 runes: decaying, serpentine
a: Renounce Religion, Berserk, Trog's Hand, Brothers in Arms


You were on level 2 of the Depths.
You worshipped Trog.
Trog was extremely pleased with you.
You visited 5 branches of the dungeon, and saw 31 of its levels.
You also visited: Ossuary, Gauntlet and Volcano.

You collected 2331 gold pieces.

Inventory:

Hand Weapons
 q - the +10 executioner's axe "Jyustree" (weapon) {vorpal, Contam rElec rPois rCorr}
   (Trog gifted it to you on level 12 of the Dungeon)

   It inflicts extra damage upon your enemies.
   rElec:     It insulates you from electricity.
   rPois:     It protects you from poison.
   Contam:    It causes magical contamination when unequipped.
   rCorr:     It protects you from acid and corrosion.
Missiles
 U - a throwing net (quivered)
Armour
 c - a +0 cloak of fire resistance (worn)
 o - a +2 pair of gloves (worn)
 M - a +0 plate armour (worn)
 T - a +2 pair of boots of stealth (worn)
Jewellery
 b - the ring of Apsu (right hand) {rPois Will+ Dex+4}
   (You acquired it in a Gauntlet)

   [ring of poison resistance]

   Dex:       It affects your dexterity (+4).
   rPois:     It protects you from poison.
   Will:      It increases your willpower.
 g - a ring of flight
 s - a ring of resist corrosion (left hand)
 D - an amulet of regeneration
 H - a +4 ring of protection
 I - a ring of magical power
 N - the amulet "Daper" (around neck) {Reflect Dex+3 SH+5}
   (You acquired it on level 1 of the Snake Pit)

   [amulet of reflection]

   It reflects blocked missile attacks.
   Dex:       It affects your dexterity (+3).
   SH:        It affects your SH (+5).
 V - the ring of Ecyasib {MP+9 Str+5}
   (You found it on level 2 of the Lair of Beasts)

   [ring of magical power]

   Str:       It affects your strength (+5).
   MP:        It affects your magic capacity (+9).
 Z - a ring of ice
Wands
 j - a wand of polymorph (17)
 n - a wand of iceblast (23)
 E - a wand of flame (23)
 F - a wand of digging (10)
 G - a wand of mindburst (9)
 X - a wand of charming (21)
Scrolls
 a - 8 scrolls of fear
 e - a scroll of enchant armour
 i - 4 scrolls of amnesia
 l - a scroll of holy word
 m - 10 scrolls of noise
 t - 4 scrolls of enchant weapon
 C - 14 scrolls of teleportation
 J - 2 scrolls of summoning
 K - a scroll of acquirement
 L - 3 scrolls of fog
 O - 4 scrolls of vulnerability
 R - 4 scrolls of magic mapping
 S - a scroll of silence
 W - a scroll of blinking
Potions
 d - 9 potions of curing
 f - 7 potions of brilliance
 h - a potion of resistance
 k - 12 potions of degeneration
 r - 5 potions of attraction
 u - a potion of invisibility
 v - 9 potions of lignification
 w - 2 potions of berserk rage
 x - 16 potions of mutation
 z - 11 potions of ambrosia
 A - a potion of heal wounds
 B - 7 potions of flight
 P - 3 potions of cancellation
 Q - 3 potions of might
 Y - 3 potions of magic
Miscellaneous
 y - a phantom mirror (inert)


   Skills:
 + Level 21.2 Fighting
 + Level 21.2 Axes
 + Level 21.1 Armour
 + Level 19.5 Dodging


You had 19 spell levels left.
You didn't know any spells.
Your spell library was empty.

Dungeon Overview and Level Annotations

Branches:
Dungeon (15/15)            Temple (0/1) D:5            Lair (6/6) D:10
  Swamp (4/4) Lair:3        Snake (4/4) Lair:2        Slime (0/5) Lair:6
    Orc (0/2) D:12         Vaults (0/5) D:14         Depths (2/4) D:15
Ossuary (visited)         Volcano (visited)         Gauntlet (visited)

Altars:
Ashenzari
Hepliaklqana
Kikubaaqudgha
Makhleb
Nemelex Xobeh
Okawaru
Sif Muna
Uskayaw
Vehumet
Wu Jian
Xom
Yredelemnul
Zin
The Shining One

Shops:
D:1 *   Depths:2 (

Portals:
Pandemonium: Depths:2

Annotations:
D:4 1 runed translucent door, GrayStillPlays's ghost, amateur DrFi


Innate Abilities, Weirdness & Mutations

You have a pair of horns on your head.
You reflexively headbutt those who attack you in melee.


Message History

The javelin misses you. The ettin closely misses you. You furiously retaliate!
You headbutt the ettin. The ettin misses you.
The ettin hits you with a +0 great mace!!
The ettin completely misses you.
You block the merfolk javelineer's attack.
The rakshasa misses you.
The ettin hits you with a +0 great mace!!!
You block the ettin's attack. The ettin misses you.
The ettin hits you with a +0 dire flail.
Your unstable footing causes you to fumble your attack.
The deep troll shaman calls upon its god to strengthen the deep troll.
The deep troll seems to grow stronger.
The deep troll shaman bites the plant!!
The plant begins to die.
The deep troll shaman claws the plant! x2
The deep troll misses you. You furiously retaliate!
You headbutt the deep troll! The deep troll barely misses you.
The deep troll claws you but does no damage.
The merfolk javelineer hits you from afar with a +3 vorpal spear.
The ettin hits you but does no damage.
The ettin hits you with a +0 dire flail!!
* * * LOW HITPOINT WARNING * * *
The rakshasa misses you. The ettin closely misses you. You furiously retaliate!
You headbutt the ettin, but do no damage.
The ettin misses you.
The deep troll shaman bites the plant!
The deep troll shaman claws the plant.
The deep troll shaman claws the plant!!
You are too injured to fight recklessly!
Unknown command.
Unknown command.
Unknown command.
Unknown command.
You feel yourself speed up. The deep troll bites you.
* * * LOW HITPOINT WARNING * * *
You block the deep troll's attack. The deep troll barely misses you.
The merfolk javelineer hits you from afar with a +3 vorpal spear.
* * * LOW HITPOINT WARNING * * *
x2 The ettin hits you with a +0 great mace!!
* * * LOW HITPOINT WARNING * * *
The ettin misses you.
The rakshasa hits you but does no damage.
The ettin hits you with a +0 great mace!
You die...

#.# .≈≈≈≈≈P...≈≈♣ #.#
♣≈≈≈≈P≈....≈≈ #.#
≈≈≈≈≈≈≈...≈≈ #..
♣♣≈≈≈P♣T..P≈P #.#
♣≈P≈≈≈≈T.≈≈P♣♣ #.#
♣≈≈PPTT.(.≈≈≈♣ #.#
♣≈≈≈CCm..≈≈≈≈♣ #.#
#####♣♣♣@TR≈..≈≈♣♣#####.#
.>.....#≈T...≈≈♣♣.....#.#
#...[.♣≈..≈♣♣ #...#
+........[≈♣ #...#
#.........♣♣ #.###
#.........# #.#
#.........########.#
#................∩.#
#........#####....##


You could see an iron troll, a merfolk javelineer, 2 ettins, a rakshasa, 3 deep
trolls and 2 deep troll shamans.

Vanquished Creatures
  the Lernaean hydra (Swamp:4)
  A caustic shrike (Depths:2)
  The ghost of Imio the Warrior, an adept DgCj (Depths:2)
  Nikola (Swamp:4)
  A titan (Depths:2)
  Rupert (D:14)
  A lich (Depths:2)
  4 nagarajas
  A frost giant (Depths:2)
  A balrug (Depths:2)
  2 fire giants (Depths:2)
  An ironbound preserver (D:14)
  A ghoul (Swamp:1)
  2 stone giants
  A vampire knight (Depths:2)
  A minotaur (Gauntlet)
  3 eleionomae
  A fire dragon (Depths:2)
  A shambling mangrove (Swamp:2)
  Josephine (Lair:6)
  A rakshasa (D:14)
  10 naga warriors
  3 salamander tyrants (Snake:4)
  4 boulder beetles
  5 centaur warriors
  2 ghost crabs
  An ogre mage (D:15)
  22 hydras
  2 deep troll shamans (Depths:2)
  2 death knights
  8 death yaks
  9 alligators
  4 catoblepae
  20 anacondas
  3 deep troll earth magi (Depths:2)
  6 two-headed ogres
  7 naga sharpshooters
  A dancing weapon (D:14)
  2 spriggan berserkers (Depths:2)
  4 tengu warriors
  A hell knight (Volcano)
  7 shock serpents
  5 skeletal warriors
  6 salamander mystics
  A spriggan druid (Swamp:1)
  5 goliath frogs
  2 deep trolls (Depths:2)
  14 swamp dragons
  2 cherubim (D:14)
  A glowing orange brain (Depths:2)
  2 lindwurms
  4 bog bodies
  7 naga ritualists
  An orange crystal statue (Gauntlet)
  A wolf spider (Lair:6)
  3 deep elf pyromancers
  8 manticores
  2 oklob plants (Lair:6)
  13 mana vipers
  A salamander (shapeshifter) (D:13)
  24 salamanders
  24 ugly things
  A will-o-the-wisp (Swamp:4)
  5 elephants (Lair:6)
  6 cyclopes
  32 black mambas
  3 guardian serpents (Snake:4)
  A rust devil (Depths:2)
  A smoke demon (Depths:2)
  20 cane toads
  A molten gargoyle (Volcano)
  11 naga magi
  7 rime drakes
  2 unseen horrors
  3 gargoyles (Volcano)
  3 kobold demonologists (D:13)
  3 yaktaurs (D:15)
  2 efreet (Volcano)
  3 freezing wraiths
  18 komodo dragons
  2 ice devils (Depths:2)
  A hellwing (Depths:2)
  15 polar bears
  2 tengu conjurers
  A queen bee (Lair:3)
  2 trolls
  A bloated husk (Swamp:4)
  3 meliai (D:14)
  5 hornets
  Prince Ribbit (D:5)
  8 raiju
  10 slime creatures
  5 tyrant leeches
  10 dream sheep (Lair:6)
  8 blink frogs (Lair:1)
  A meliai zombie (D:11)
  A shadow (D:12)
  6 wraiths
  2 ynoxinuls (Depths:2)
  4 spriggans
  63 yaks
  3 water elementals (Depths:2)
  3 basilisks
  4 wyverns
  Eustachio (D:6)
  A neqoxec (Gauntlet)
  5 steam dragons
  2 chaos spawn (Gauntlet)
  Menkaure (D:6)
  4 wargs (Lair:6)
  11 vampire mosquitoes
  27 nagas
  16 swamp worms
  2 acid dragons
  A swamp worm (shapeshifter) (D:14)
  10 water moccasins
  10 hell hounds (Lair:6)
  7 orc warriors
  3 ice beasts
  8 swamp drakes
  8 ogres
  A sky beast (D:7)
  12 black bears
  3 necrophages
  39 wolves
  A boggart (D:14)
  2 phantoms (D:4)
  12 centaurs
  Blork the orc (D:6)
  3 kobold brigands
  14 bullfrogs
  2 gnoll sergeants
  5 scorpions
  A wyvern skeleton (D:5)
  A water moccasin skeleton (D:5)
  34 killer bees
  An electric eel (D:9)
  4 howler monkeys
  8 wights
  5 centaur zombies
  A jelly (D:6)
  A centaur skeleton (D:5)
  A hound (D:5)
  Crazy Yiuf (D:2)
  11 orc priests
  2 bullfrog skeletons (D:6)
  A gnoll shaman (D:8)
  3 iguanas
  Terence (D:2)
  Natasha (twice) (D:3)
  9 orc wizards
  15 hell rats
  A hound zombie (D:5)
  4 mummies (Ossuary)
  15 gnolls
  7 adders
  7 river rats
  12 white imps (Lair:3)
  An ufetubus (D:5)
  2 adder zombies (D:5)
  2 adder skeletons (D:4)
  2 worms
  55 orcs
  6 ball pythons
  10 endoplasms
  2 giant cockroaches
  3 goblins
  5 hobgoblins
  2 quokkas (D:3)
  8 bats
  5 frilled lizards
  2 goblin zombies (Ossuary)
  12 kobolds
  4 orc zombies (Ossuary)
  6 rats
1047 creatures vanquished.

Vanquished Creatures (collateral kills)
  A nagaraja (Snake:4)
  A salamander tyrant (Snake:4)
  A hydra (Lair:4)
  A cyclops (D:14)
  An elephant (Lair:4)
  A salamander (Snake:4)
  A tengu conjurer (Depths:2)
  2 yaks (Lair:5)
  A naga (Snake:4)
  A black bear (Lair:5)
11 creatures vanquished.

Vanquished Creatures (others)
  A dire elephant (Lair:4)
  A hydra (Swamp:4)
  A tengu warrior (Depths:2)
  A bog body (Swamp:4)
  A will-o-the-wisp (Swamp:4)
  4 bloated husks
  A necrophage (Swamp:1)
  8 foxfires (Swamp:4)
  36 fungi
  71 plants
125 creatures vanquished.

Grand Total: 1183 creatures vanquished

Notes
Turn   | Place    | Note
-------+----------+-------------------------------------------
     0 | D:1      | browni3141 the Minotaur Berserker began the quest for the
                  | Orb.
     0 | D:1      | Reached XP level 1. HP: 19/19 MP: 0/0
   242 | D:1      | Found Fyime's General Store.
   271 | D:1      | Reached XP level 2. HP: 27/27 MP: 1/1
   779 | D:1      | Found a faded altar of an unknown god.
  1221 | D:2      | Reached XP level 3. HP: 29/33 MP: 2/2
  1543 | D:2      | Noticed Terence
  1551 | D:2      | Killed Terence
  1552 | D:2      | Reached XP level 4. HP: 40/40 MP: 3/3
  1760 | D:2      | Found a runed translucent door.
  1761 | D:2      | Noticed Crazy Yiuf
  1907 | D:2      | Killed Crazy Yiuf
  2035 | D:3      | Noticed an ogre
  2041 | D:3      | Killed an ogre
  2042 | D:3      | Reached XP level 5. HP: 47/47 MP: 4/4
  2172 | D:3      | Reached skill level 5 in Axes
  2173 | D:3      | Reached skill level 5 in Fighting
  2350 | D:3      | Reached ** piety under Trog
  2616 | D:3      | Found a glowing golden altar of the Shining One.
  2634 | D:3      | Noticed Natasha
  2641 | D:3      | Killed Natasha
  2642 | D:3      | Reached XP level 6. HP: 50/56 MP: 5/5
  2826 | D:3      | Noticed Natasha
  2833 | D:3      | Killed Natasha
  3087 | D:4      | Identified the +2 robe of Sokyliek {rElec}
  3128 | D:4      | Found a sand-covered staircase.
  3141 | Ossuary  | Entered an ossuary
  3230 | Ossuary  | Reached skill level 5 in Armour
  3234 | Ossuary  | Reached XP level 7. HP: 39/62 MP: 6/6
  4003 | D:4      | Found a faded altar of an unknown god.
  4004 | D:4      | Found a faded altar of an unknown god.
  4004 | D:4      | Found a faded altar of an unknown god.
  4010 | D:4      | Found a hazy altar of Hepliaklqana.
  4221 | D:4      | Found a runed translucent door.
  4359 | D:4      | Reached skill level 5 in Dodging
  4592 | D:4      | Found a runed translucent door.
  4593 | D:4      | Noticed GrayStillPlays's ghost (amateur DrFi)
  4889 | D:5      | Entered Level 5 of the Dungeon
  4991 | D:5      | Noticed Prince Ribbit
  5002 | D:5      | Killed Prince Ribbit
  5003 | D:5      | Reached XP level 8. HP: 71/71 MP: 7/7
  5128 | D:5      | Found a staircase to the Ecumenical Temple.
  5951 | D:6      | Reached XP level 9. HP: 81/81 MP: 8/8
  6187 | D:6      | Noticed Blork the orc
  6197 | D:6      | Killed Blork the orc
  6530 | D:6      | Noticed Eustachio
  6557 | D:6      | Killed Eustachio
  6727 | D:6      | Noticed Menkaure
  6733 | D:6      | Killed Menkaure
  6870 | D:7      | You are sucked into a shaft and drop 3 floors!
  6870 | D:10     | Entered Level 10 of the Dungeon
  6967 | D:10     | Noticed a troll
  6973 | D:10     | Killed a troll
  6974 | D:10     | Reached XP level 10. HP: 91/91 MP: 9/9
  7458 | D:8      | Noticed a boulder beetle
  7881 | D:7      | Noticed a cyclops
  7885 | D:7      | Killed a cyclops
  8144 | D:7      | Reached skill level 10 in Fighting
  8144 | D:7      | Reached skill level 10 in Axes
  8312 | D:8      | Killed a boulder beetle
  8313 | D:8      | Reached skill level 10 in Armour
  9151 | D:9      | Noticed a manticore
  9158 | D:9      | Killed a manticore
  9159 | D:9      | Reached XP level 11. HP: 101/101 MP: 10/10
  9197 | D:9      | Found a transporter.
  9210 | D:9      | Reached *** piety under Trog
  9313 | D:9      | Found a shimmering altar of Xom.
  9313 | D:9      | Found a sparkling altar of Nemelex Xobeh.
  9313 | D:9      | Found a broken altar of Ashenzari.
  9317 | D:9      | Found a basalt altar of Yredelemnul.
  9318 | D:9      | Found a shimmering blue altar of Sif Muna.
  9320 | D:9      | Found an ornate altar of the Wu Jian Council.
  9320 | D:9      | Found a glowing silver altar of Zin.
  9321 | D:9      | Found a burning altar of Makhleb.
  9350 | D:9      | Found an ancient bone altar of Kikubaaqudgha.
  9355 | D:9      | Found an iron altar of Okawaru.
  9357 | D:9      | Found a hide-covered altar of Uskayaw.
  9490 | D:9      | Found a transporter.
  9504 | D:9      | Noticed a two-headed ogre
  9510 | D:9      | Killed a two-headed ogre
 10016 | D:10     | Reached skill level 10 in Dodging
 10157 | D:10     | Found a staircase to the Lair.
 10703 | D:10     | Identified the +2 ring mail "Riothruan" {MP+9 Dex+3}
 10725 | Lair:1   | Entered Level 1 of the Lair of Beasts
 10939 | Lair:1   | Found a dark tunnel.
 10955 | Volcano  | Entered a volcano
 11144 | Volcano  | Noticed an orb of fire
 11174 | Volcano  | Noticed an orb of fire
 11175 | Volcano  | Noticed a hell knight
 11186 | Volcano  | Killed a hell knight
 11462 | Lair:1   | Reached XP level 12. HP: 112/112 MP: 11/11
 11768 | Lair:1   | You are sucked into a shaft and drop 1 floor!
 11866 | Lair:2   | Found a staircase to the Snake Pit.
 12198 | Lair:1   | Reached **** piety under Trog
 12739 | Lair:2   | Identified the ring of Ecyasib {MP+9 Str+5}
 13758 | Lair:3   | Reached XP level 13. HP: 97/123 MP: 12/12
 14098 | Lair:3   | Reached ***** piety under Trog
 14471 | Lair:3   | Reached XP level 14. HP: 132/132 MP: 13/13
 15155 | Lair:3   | Found a staircase to the Swamp.
 15484 | Lair:4   | Reached skill level 15 in Fighting
 15484 | Lair:4   | Reached skill level 15 in Axes
 15669 | Lair:4   | Reached skill level 15 in Armour
 15672 | Lair:4   | Paralysed by a hornet for 3 turns
 17664 | Lair:6   | Entered Level 6 of the Lair of Beasts
 17664 | Lair:6   | Found a gate leading to a gauntlet.
 17706 | Gauntlet | Entered a Gauntlet
 17706 | Gauntlet | Found a transporter.
 17706 | Gauntlet | Found a transporter.
 17727 | Gauntlet | Found a transporter.
 17749 | Gauntlet | Found a transporter.
 17759 | Gauntlet | Found a transporter.
 17761 | Gauntlet | Found a transporter.
 17771 | Gauntlet | Found a transporter.
 17791 | Gauntlet | Found a transporter.
 17794 | Gauntlet | Noticed a broodmother
 17796 | Gauntlet | a broodmother changed into a satyr
 17805 | Gauntlet | Found a transporter.
 17808 | Gauntlet | Found a transporter.
 17819 | Gauntlet | Found a transporter.
 17820 | Gauntlet | Found a transporter.
 17989 | Gauntlet | Reached XP level 15. HP: 141/141 MP: 14/14
 18077 | Gauntlet | Identified a scroll of acquirement
 18078 | Gauntlet | Acquired the ring of Apsu {rPois Will+ Dex+4}
 18737 | Lair:6   | Noticed Josephine
 18747 | Lair:6   | Killed Josephine
 18819 | Lair:6   | Reached skill level 15 in Dodging
 19561 | Lair:6   | Found a staircase to the Slime Pits.
 20760 | D:12     | Identified the +10 executioner's axe "Jyustree" {vorpal,
                  | Contam rElec rPois rCorr} (Trog gifted it to you on level
                  | 12 of the Dungeon)
 20760 | D:12     | Received a gift from Trog
 21100 | D:12     | Found a staircase to the Orcish Mines.
 21891 | D:13     | Identified the +7 battleaxe of Wuisen {flame, Dex+6 SInv}
                  | (Trog gifted it to you on level 13 of the Dungeon)
 21891 | D:13     | Received a gift from Trog
 22102 | D:13     | Reached XP level 16. HP: 155/155 MP: 15/15
 22492 | D:13     | Reached ****** piety under Trog
 22733 | D:14     | Found a radiant altar of Vehumet.
 22857 | D:14     | Noticed Rupert
 22861 | D:14     | Identified the +3 buckler of Slovenliness {Rampage *Slow
                  | Int+2}
 22868 | D:14     | Killed Rupert
 22998 | D:14     | Found a gate to the Vaults.
 23694 | D:15     | Entered Level 15 of the Dungeon
 24024 | D:15     | Received a gift from Trog
 24597 | D:15     | Found a staircase to the Depths.
 24892 | Snake:1  | Entered Level 1 of the Snake Pit
 25387 | Snake:1  | Reached XP level 17. HP: 144/166 MP: 8/16
 26374 | Snake:1  | Acquired the amulet "Daper" {Reflect Dex+3 SH+5}
 26684 | Snake:2  | Received a gift from Trog
 29204 | Snake:4  | Entered Level 4 of the Snake Pit
 29211 | Snake:4  | Received a gift from Trog
 30465 | Snake:4  | Got a serpentine rune of Zot
 30927 | Snake:4  | Reached XP level 18. HP: 178/178 MP: 17/17
 31525 | Swamp:1  | Entered Level 1 of the Swamp
 31547 | Swamp:1  | Received a gift from Trog
 32656 | Swamp:3  | Reached XP level 19. HP: 162/187 MP: 18/18
 32657 | Swamp:3  | Reached XP level 20. HP: 169/195 MP: 19/19
 32666 | Swamp:4  | Entered Level 4 of the Swamp
 32726 | Swamp:4  | Noticed Nikola
 32737 | Swamp:4  | Killed Nikola
 33426 | Swamp:4  | Received a gift from Trog
 33437 | Swamp:4  | Noticed the 27-headed Lernaean hydra
 33860 | Swamp:4  | Killed the 27-headed Lernaean hydra
 34082 | Swamp:4  | Got a decaying rune of Zot
 34385 | Depths:1 | Entered Level 1 of the Depths
 34919 | Depths:2 | Found a one-way gate leading to the halls of Pandemonium.
 35128 | Depths:2 | Noticed a caustic shrike
 35138 | Depths:2 | Killed a caustic shrike
 35158 | Depths:2 | Lost intelligence.
 35548 | Depths:2 | Found Dowam's Weapon Emporium.
 35577 | Depths:2 | Found a runed translucent door.
 35579 | Depths:2 | Noticed Imio's ghost (adept DgCj)
 35589 | Depths:2 | Killed Imio's ghost
 35677 | Depths:2 | Identified the +1 scale mail "Aczer" {Drain +Inv Will++
                  | MP+9}
 35692 | Depths:2 | Slain by an ettin

Illustrated notes

Levels and vault maps discovered:
D:1:      dpeg_arrival_rooms_a, layout_loops_ring,
          hellmonk_ecumenical_altar_crossroads, serial_shops, shop
D:2:      layout_rooms, kennysheep_crisscross, minmay_split_cup_large,
          uniq_terence, uniq_crazy_yiuf_cottage
D:3:      minmay_wonky_spiral, layout_basic, mainiacjoe_overflow_catwalk,
          grunt_ministairs_5, uniq_natasha
D:4:      layout_loops_corners, nicolae_hepliaklqana_ecumenical_no_more,
          nicolae_ossuary_entry_monument, ebering_ghost_sewer_f, minivault_23
D:5:      minmay_diamond_boxcup, layout_rooms, minmay_temple_entry_statues,
          kennysheep_generic_room_5, uniq_prince_ribbit1
D:6:      layout_loops_cross, uniq_menkaure, uniq_blork_the_orc, uniq_eustachio
D:7:      layout_basic
D:8:      layout_loops_ring, roderic_serpentine_path, minmay_fountain_box
D:9:      gammafunk_steamed_eel, layout_rooms,
          nicolae_overflow_hallway_of_the_gods
D:10:     layout_layer_cave, lair_entry_dummy, hangedman_decor_push,
          corexii_hall_statues_s
D:11:     layout_loops_ring
D:12:     layout_long_grid, hiddenorc2_lemuel
D:13:     wad_mega_maze, layout_small_grid
D:14:     layout_cave_pods, skrybe_vaults_entry_preservation,
          nicolae_vehumet_altar_sigil, pf_eden, uniq_rupert
D:15:     grunt_enter_depths_snipers, layout_basic, nrook_campfire
Lair:1:   layout_hall_layers, lightli_volcano_entry_magma_tube,
          beast_lair_carwin_1, grunt_megastairs_3
Lair:2:   layout_roguey, guppyfry_snake_entry_island
Lair:3:   layout_roguey, palyth_hydra_swamp_entry, special_room
          [special_room_bee], portal_ice_cave_entry_imps,
          kennysheep_abandoned_house
Lair:4:   layout_concentric_octagons, nicolae_lair_lakeside_cave,
          grunt_megastairs_1, lemuel_fruit_fields
Lair:5:   layout_regular_city
Lair:6:   hangedman_lair_caniforms_friends, layout_small_grid,
          minmay_slime_entry_oklob_enclosed, gauntlet_entry_generic,
          minivault_27, chequers_serial_rivers_micro_b, uniq_josephine
Swamp:1:  layout_falls_marsh, nicolae_swamp_godswood
Swamp:2:  cheibrodos_swamp_heart_of_darkness, layout_basic_swamp,
          nicolae_swamp_little_tower
Swamp:3:  layout_basic_swamp, evilmike_swamp_ruin_house_1, uniq_aizul
Swamp:4:  swamp_old_school, layout_basic_swamp, nicolae_swamp_super_fun_site,
          uniq_nikola
Snake:1:  layout_layer_cave
Snake:2:  layout_honeycomb
Snake:3:  layout_chambers, special_room, uniq_vashnia
Snake:4:  snake_pit_salamanders_mu, layout_onion_interference,
          grunt_ministairs_3, guppyfry_snake_island, uniq_louise
Depths:1: layout_small_grid, rand_demon_pan_entry_7,
          minmay_misc_feat_four_crosses, hell_entry, serial_shops,
          nicolae_shop_advertising_works [nicolae_subvault_shop_adworks],
          minmay_misc_feat_diagonals, drop_trap, minislime_mu, uniq_asterion
Depths:2: nzn_winding_woodlands_three_and_one [nzn_winding_woodlands_5x15_eye,
          nzn_winding_woodlands_5x15_split_checker,
          nzn_winding_woodlands_5x15_river_crossing,
          nzn_winding_woodlands_center_diamonds], layout_basic,
          enter_ziggurat_f, grunt_pan_entry_in_and_out, hell_entry,
          serial_bayou_ford_a, serial_shops, shop,
          ebering_ghost_reflecting_pool, infiniplex_staircase_door_maze

Skill      XL: |  1  2  3  4  5  6  7  8  9 10 11 12 13 14 15 16 17 18 19 20 |
---------------+-------------------------------------------------------------+-----
Fighting       | 4 5 6 7 9 10 12 13 14 15 17 18 19 20 21 | 21.2
Axes           | 4 5 6 7 9 10 12 13 14 15 17 18 19 20 21 | 21.2
Armour         | 3 4 5 6 7 9 10 12 13 14 15 17 18 19 20 21 | 21.1
Dodging        | 3 4 5 6 8 9 11 12 13 14 15 17 18 19 | 19.5

Action                   |  1- 3 |  4- 6 |  7- 9 | 10-12 | 13-15 | 16-18 | 19-21 || total
-------------------------+-------+-------+-------+-------+-------+-------+-------++-------
Melee: Hand axe          |    73 |    97 |   287 |       |       |       |       ||   457
       Headbutt          |    10 |    13 |    55 |    80 |   185 |   160 |    62 ||   565
       Punch             |       |     1 |     2 |     1 |       |       |       ||     4
       War axe           |       |       |     3 |   147 |       |       |       ||   150
       Battleaxe         |       |       |       |   292 |   645 |       |       ||   937
       Executioner's axe |       |       |       |       |   100 |   667 |   217 ||   984
Throw: Throwing net      |       |       |       |     2 |     1 |       |       ||     3
Invok: Berserk           |     3 |     5 |    15 |    33 |    14 |    14 |     7 ||    91
       Trog's Hand       |       |       |     2 |     1 |     3 |     3 |     2 ||    11
       Brothers in Arms  |       |       |       |       |     6 |     4 |       ||    10
Evoke: Wand              |       |       |       |    15 |    13 |     7 |     3 ||    38
       Phantom mirror    |       |       |       |       |       |     2 |     2 ||     4
  Use: Scroll            |       |       |       |    14 |     8 |    18 |     2 ||    42
       Potion            |       |       |       |       |     1 |     8 |     7 ||    16
 Stab: Petrified         |       |       |       |       |     6 |       |       ||     6
       Paralysed         |       |       |       |       |     4 |       |       ||     4
       Distracted        |       |       |       |       |     1 |     1 |       ||     2
       Invisible         |       |       |       |       |       |       |     2 ||     2
Armor: Animal skin       |    18 |     1 |       |       |       |       |       ||    19
       Chain mail        |       |    41 |   153 |    29 |       |       |       ||   223
       Plate armour      |       |       |       |   243 |   662 |   433 |   202 ||  1540
Dodge: Dodged            |    44 |    45 |   131 |   276 |   634 |   586 |   304 ||  2020
Block: Other             |       |       |       |       |       |   101 |    85 ||   186
       Reflection        |       |       |       |       |       |     6 |     1 ||     7
